 Dungeon Crawl Stone Soup version 0.28-a0-429-g1448048969 (webtiles) character file.

Game seed: 11960208552024976094

260 omnomnOMINOUS the Poker (level 6, -4/42 HPs)
             Began as an Octopode Wanderer on Sept 12, 2021.
             Was a Believer of Qazlal.
             Splashed by a jelly's acid (11 damage)
             ... on level 4 of the Dungeon.
             The game lasted 00:05:40 (3640 turns).

omnomnOMINOUS the Poker (Octopode Wanderer)         Turns: 3640, Time: 00:05:40

Health: -4/42      AC: -15   Str: 11    XL:     6   Next: 17%
Magic:  6/6        EV: 17    Int: 18    God:    Qazlal [**....]
Gold:   194        SH:  2    Dex: 10    Spells: 2/5 levels left

rFire   . . .      SeeInvis .   a - +2 spear
rCold   . . .      Faith    .   (no shield)
rNeg    . . .      Spirit   .   (helmet restricted)
rPois   .          Reflect  .   (no amulet)
rElec   .          Harm     .   d - ring of willpower
rCorr   .          Rampage  .   i - +4 ring of evasion
Will    +....                   (no ring)
Stlth   +++.......              (no ring)
HPRegen 0.14/turn               (no ring)
MPRegen 0.10/turn               (no ring)
                                (no ring)
                                (no ring)

@: corroded
A: almost no armour, amphibious, 8 rings, camouflage 1, gelatinous body 1,
(nimble swimmer 1), tentacles
a: Renounce Religion, Upheaval


You were on level 4 of the Dungeon.
You worshipped Qazlal.
Qazlal was pleased with you.
You visited 1 branch of the dungeon, and saw 4 of its levels.

You collected 194 gold pieces.

Inventory:

Hand Weapons
 a - a +2 spear (weapon)
 b - a +0 trident
Jewellery
 d - a ring of willpower (left tentacle)
 i - a +4 ring of evasion (right tentacle)
Wands
 c - a wand of flame (30)
 m - a wand of mindburst (13)
Scrolls
 e - a scroll of enchant weapon {unknown}
 g - a scroll of immolation {unknown}
 h - a scroll of noise {unknown}
 j - 2 scrolls of identify {unknown}
 n - 4 scrolls of teleportation
Potions
 f - a potion of haste {unknown}
 k - a potion of mutation {unknown}
 l - 2 potions of curing {unknown}
 o - a potion of lignification {unknown}
 p - a potion of heal wounds {unknown}
 q - a potion of berserk rage {unknown}


   Skills:
 + Level 3.4 Fighting
 * Level 5.2(5.3) Polearms
 - Level 1.0(3.4) Staves
 - Level 1.0 Throwing
 + Level 2.6 Dodging
 - Level 4.0 Stealth


You had 2 spell levels left.
You knew the following spells:

 Your Spells              Type           Power      Damage    Failure   Level
a - Spider Form           Tmut/Pois      0%         N/A       54%         3

Your spell library contained the following spells:

 Spells                   Type           Power      Damage    Failure   Level
 Ensorcelled Hibernation  Hex/Ice        0%         N/A       32%         2


Dungeon Overview and Level Annotations

Branches:
Dungeon (4/15)             Temple (0/1) D:4

Altars:
Qazlal
Vehumet
Zin


Innate Abilities, Weirdness & Mutations

You cannot wear most types of armour.
You are amphibious.
You can wear up to eight rings at the same time.
Your skin changes colour to match your surroundings (Stealth+).
Your rubbery body absorbs attacks. (AC +1, EV +1)
((You are camouflaged near water. (Stealth+)))
You have tentacles for arms and can constrict up to eight enemies at once.


Message History

You hit the jelly. The acid corrodes you!
Your tentacles burn!
The jelly is heavily wounded.
The jelly barely misses you.
You hit the jelly but do no damage.
Your tentacles burn!
The jelly is moderately wounded.
The jelly closely misses you.
You hit the jelly but do no damage.
Your tentacles burn!
The jelly is moderately wounded.
The jelly barely misses you.
You hit the jelly.
Your tentacles burn!
You squeeze the jelly, but do no damage.
The jelly is heavily wounded.
The jelly completely misses you.
You hit the jelly but do no damage. The acid corrodes you!
Your tentacles burn!
The jelly is heavily wounded.
The jelly misses you.
You hit the jelly but do no damage.
Your tentacles burn!
The jelly is heavily wounded.
You hit the jelly but do no damage.
Your tentacles burn!
The jelly is heavily wounded.
The jelly barely misses you.
Unknown command.
There is a staircase to the Ecumenical Temple here.
There is a fountain of clear blue water here.
The jelly hits you. The acid corrodes you!
You are splashed with acid!
* * * LOW HITPOINT WARNING * * *
Unknown command.
Aiming: Mindburst
Press: ? - help, Shift-Dir - straight line, f - you
Okay, then.
Unknown command.
Aiming: Throw Flame
Press: ? - help, Shift-Dir - straight line, f - jelly
Aim: a jelly (sparse dust, heavily wounded, 100% to hit)
The puff of flame hits the jelly!
The jelly is almost dead.
The jelly hits you.
* * * LOW HITPOINT WARNING * * *
You are splashed with acid!
You die...

##..##...#
#........#
#........#
#+####...####
#...##.....P#
#...##..PP.P#
#...####....#
#...○....P).#
#....@...#..#
#...J......##
#..°##...###
#[..######
#....# #....#
#....# #....#
##.######


You could see a jelly.

Vanquished Creatures
  A howler monkey (D:4)
  A hound (D:4)
  Ijyb (D:3)
  Terence (D:3)
  A killer bee zombie (D:3)
  A hound zombie (D:4)
  3 adders
  A white imp (D:3)
  A worm (D:2)
  2 dart slugs (D:1)
  10 orcs
  6 ball pythons
  3 endoplasms
  A giant cockroach (D:3)
  5 goblins
  A hobgoblin (D:4)
  4 jackals (D:2)
  A quokka (D:3)
  6 bats
  3 frilled lizards
  7 kobolds
  7 rats
67 creatures vanquished.

Vanquished Creatures (others)
  2 withered plants (D:4)
2 creatures vanquished.

Grand Total: 69 creatures vanquished

Notes
Turn   | Place    | Note
-------+----------+-------------------------------------------
     0 | D:1      | omnomnOMINOUS the Octopode Wanderer began the quest for the
                  | Orb.
     0 | D:1      | omnomnOMINOUS set off with the following items: a +2 spear,
                  | 2 scrolls of teleportation, a +0 dagger
     0 | D:1      | Reached XP level 1. HP: 14/14 MP: 1/1
   455 | D:1      | Reached XP level 2. HP: 12/19 MP: 2/2
  1052 | D:2      | Found a faded altar of an unknown god.
  1057 | D:2      | Reached skill level 1 in Dodging
  1063 | D:2      | Became a worshipper of Qazlal Stormbringer
  1063 | D:2      | Reached * piety under Qazlal
  1178 | D:2      | Reached XP level 3. HP: 25/25 MP: 3/3
  1755 | D:3      | Noticed Ijyb
  1767 | D:3      | Killed Ijyb
  1768 | D:3      | Reached skill level 4 in Polearms
  1768 | D:3      | Reached XP level 4. HP: 16/30 MP: 4/4
  2361 | D:3      | Found a radiant altar of Vehumet.
  2553 | D:3      | Reached XP level 5. HP: 29/36 MP: 5/5
  2650 | D:3      | Noticed Terence
  2658 | D:3      | Killed Terence
  2868 | D:3      | Reached ** piety under Qazlal
  3269 | D:4      | Reached skill level 5 in Polearms
  3546 | D:4      | Reached XP level 6. HP: 42/42 MP: 6/6
  3552 | D:4      | Found a glowing silver altar of Zin.
  3582 | D:4      | Learned a level 3 spell: Spider Form
  3604 | D:4      | Found a staircase to the Ecumenical Temple.
  3640 | D:4      | Splashed by a jelly's acid

Illustrated notes

Levels and vault maps discovered:
D:1:      nicolae_arrival_memento_mori, layout_loops_corners
D:2:      layout_loops_cross, ebering_ecumenical_altar_petrified
D:3:      minmay_recursive_quarters, layout_basic, vehumet_altar_wand_db,
          uniq_terence, uniq_ijyb
D:4:      layout_gridville, zin_scriptorium, minmay_temple_entry_nine_rooms,
          serial_undead, serial_undead_c, serial_undead_b, serial_undead_a,
          serial_undead_c, serial_undead_b, serial_undead_b

Skill      XL: |  1  2  3  4  5 |
---------------+----------------+-----
Dodging        | 1 2 |  2.6
Polearms       | 4 5 |  5.2
Fighting       | 3 |  3.4
Staves         | |  1.0
Throwing       | |  1.0
Stealth        | |  4.0

Action                   |  1- 3 |  4- 6 || total
-------------------------+-------+-------++-------
Melee: Spear             |    75 |    94 ||   169
       Tentacles         |     6 |    14 ||    20
       Constrict         |    10 |    16 ||    26
Evoke: Wand              |       |     1 ||     1
 Stab: Sleeping          |     7 |       ||     7
Armor: Skin              |     4 |     2 ||     6
Dodge: Dodged            |    23 |    42 ||    65
Block: Other             |     1 |     5 ||     6

Table legend: (Time is in decaauts)
 A = Elapsed time spent in this place.
 B = Non-inter-level travel time spent in this place.
 C = Inter-level travel time spent in this place.
 D = Time resting spent in this place.
 E = Time spent auto-exploring this place.
 F = Levels seen in this place.
 G = Mean time per level.
                   A        B        C        D        E       F      G
               +--------+--------+--------+--------+--------+-----+--------+
         Total |   3620 |   3530 |     90 |    775 |   2315 |   4 |  905.0 |
       Dungeon |   3620 |   3530 |     90 |    775 |   2315 |   4 |  905.0 |
               +--------+--------+--------+--------+--------+-----+--------+

Top non-repeatable levels by time:
     D:3: 1715 daAuts
     D:1: 1022 daAuts
     D:2: 642 daAuts
     D:4: 240 daAuts
